 Dungeon Crawl Stone Soup version 0.31.0-11-ge490571c62 (webtiles) character file.

Game seed: 12649378779512731421

114 qw the Ducker (level 4, -2/22 HPs)
             Began as a Spriggan Hunter on Feb 3, 2024.
             Slain by a black bear (3 damage)
             ... on level 6 of the Dungeon.
             The game lasted 00:00:04 (1683 turns).

qw the Ducker (Spriggan Hunter)                     Turns: 1683, Time: 00:00:05

Health: -2/22      AC:  7    Str:  7    XL:     4   Next: 67%
Magic:  5/5        EV: 20    Int: 10    God:
Gold:   90         SH:  0    Dex: 20    Spells: 3/3 levels left

rFire   + . .        a - +1 shortbow
rCold   . . .        (shield currently unavailable)
rNeg    . . .        c - +0 robe
rPois   .            (helmet restricted)
rElec   .            d - +0 cloak
rCorr   .            (gloves unavailable)
SInv    +            (boots unavailable)
Will    .....        (no amulet)
Stlth   ++           f - +4 ring of protection
HPRegen 0.23/turn    g - ring of protection from fire
MPRegen 0.09/turn

%: no passive effects
@: very quick
A: very small, no large weapons, unfitting armour, see invisible, speed 3
a: no special abilities


You were on level 6 of the Dungeon.
You visited 1 branch of the dungeon, and saw 4 of its levels.

You collected 90 gold pieces.


Innate Abilities, Weirdness & Mutations

You are very small and have problems with some larger weapons.
You are too small for most types of armour.
You have supernaturally acute eyesight. (SInv)
You cover ground extremely quickly. (Speed+++)


   Skills:
 + Level 1.5 Fighting
 - Level 5.0 Ranged Weapons
 - Level 5.3 Dodging
 - Level 1.5 Stealth


You had 3 spell levels left.
You didn't know any spells.
Your spell library was empty.

Inventory:

Hand Weapons
 a - a +1 shortbow (weapon)
Armour
 c - a +0 robe (worn)
 d - a +0 cloak (worn)
Jewellery
 f - a +4 ring of protection (left hand)
 g - a ring of protection from fire (right hand)
Wands
 b - a wand of polymorph (9)
Scrolls
 e - a scroll of identify {unknown}
Potions
 h - a potion of lignification {unknown}

Dungeon Overview and Level Annotations

Branches:
Dungeon (3/15)

Altars:
Ashenzari


Message History

You shoot an arrow. The arrow barely misses the black bear.
The black bear bites you. The black bear misses you.
The black bear completely misses you.
You shoot an arrow.
The arrow closely misses the black bear.
The black bear barely misses you.
The black bear completely misses you. x2
You shoot an arrow. The arrow hits the black bear!
The black bear is severely wounded.
The black bear closely misses you.
The black bear claws you but does no damage.
The black bear claws you. The black bear misses you.
The black bear completely misses you. The black bear misses you.
You shoot an arrow. The arrow hits the black bear.
The black bear is severely wounded.
The black bear goes berserk!
You shoot an arrow.
The arrow closely misses the black bear.
The black bear bites you!
The black bear claws you but does no damage.
The black bear misses you.
You shoot an arrow.
The arrow hits the black bear but does no damage.
The black bear is severely wounded.
The black bear misses you. The black bear claws you.
The black bear barely misses you. The black bear misses you. x2
The black bear claws you but does no damage.
You shoot an arrow. The arrow hits the black bear.
The black bear is severely wounded.
The black bear misses you. x2; The black bear completely misses you.
The black bear barely misses you.
The black bear claws you but does no damage.
The black bear claws you.
You shoot an arrow. The arrow hits the black bear!
The black bear is almost dead.
The black bear closely misses you. The black bear misses you.
The black bear claws you. The black bear barely misses you.
The black bear misses you. x2
You shoot an arrow. The arrow barely misses the black bear.
The black bear closely misses you. The black bear claws you.
You die...

... .8#... #.# .#...
#.# #... #.# ...
###.##### ..
#.......# #.
#.##.#..#
#.#.#####.##....####
#...@..............+
#.#h#####.##..#.####
#. #.####..# ..
#.......# ...
######%#### ....
#.......# #....
#.##.##.# #....
#.##.# # #.##..


You could see a black bear (berserk).

Vanquished Creatures
  A scorpion (D:6)
  Natasha (D:2)
  A dart slug (D:1)
  2 endoplasms (D:2)
  3 giant cockroaches
  2 goblins (D:1)
  3 hobgoblins
  2 jackals (D:1)
  3 kobolds
  2 quokkas
  3 ball pythons
  4 bats
  2 frilled lizards
  2 rats
31 creatures vanquished.

Notes
Turn   | Place    | Note
-------+----------+-------------------------------------------
     0 | D:1      | qw the Spriggan Hunter began the quest for the Orb.
     0 | D:1      | Reached XP level 1. HP: 10/10 MP: 2/2
     0 | D:1      | 0 ||| qw: Version: 0.3-a-158-g18b3111
     0 | D:1      | 0 ||| qw: Game counter: 4168
     0 | D:1      | 0 ||| qw: Melee chars always use a shield: true
     0 | D:1      | 0 ||| qw: God list: Okawaru
     0 | D:1      | 0 ||| qw: Allow faded altars: false
     0 | D:1      | 0 ||| qw: Do Orc after clearing Dungeon:15 true
     0 | D:1      | 0 ||| qw: Do second Lair branch before Depths: true
     0 | D:1      | 0 ||| qw: Lair rune preference: random
     0 | D:1      | 0 ||| qw: Goals: Normal
     0 | D:1      | 0 ||| PLANNING D:1-11
    93 | D:1      | Reached skill level 3 in Dodging
   255 | D:1      | Reached XP level 2. HP: 14/14 MP: 3/3
   604 | D:1      | 604 ||| UPGRADING to +0 cloak.
   609 | D:1      | 609 ||| UPGRADING to +4 ring of protection.
   610 | D:1      | 610 ||| UPGRADING to ring of protection from fire.
   611 | D:1      | 611 ||| READING scroll labelled NYFUMPOIKK.
   612 | D:1      | 612 ||| READING scroll labelled CEWKOHOTAS.
   612 | D:1      | 612 ||| ENCHANTING +0 shortbow.
   613 | D:1      | 613 ||| DROPPING scroll of butterflies.
  1091 | D:2      | Noticed Natasha
  1101 | D:2      | Killed Natasha
  1102 | D:2      | Reached XP level 3. HP: 14/18 MP: 4/4
  1364 | D:2      | 1364 ||| READING scroll labelled LUOGEI MUGEUSCHU.
  1435 | D:3      | Found a broken altar of Ashenzari.
  1637 | D:3      | You fall into a shaft and drop 3 floors!
  1641 | D:6      | Noticed a scorpion
  1647 | D:6      | Killed a scorpion
  1648 | D:6      | Reached XP level 4. HP: 22/22 MP: 5/5
  1667 | D:6      | Noticed a black bear
  1680 | D:6      | HP: 5/22 [black bear (1)]
  1682 | D:6      | HP: 1/22 [black bear (3)]
  1683 | D:6      | Slain by a black bear

Levels and vault maps discovered:
D:1:      dpeg_arrival_castle, layout_basic, kennysheep_doodads
D:2:      layout_basic, uniq_natasha
D:3:      layout_loops_corners, nzn_wu_jian_contemplation,
          mainiacjoe_overflow_cross_hatched
D:6:      layout_loops_corners, minmay_temple_entry_from_below_b, uniq_pikel,
          uniq_sigmund, uniq_maggie

Skill      XL: |  1  2  3 |
---------------+----------+-----
Dodging        | 3 4 5 |  5.3
Ranged Weapons | 5 |  5.0
Fighting       | |  1.5
Stealth        | |  1.5

Action                     |  1- 3 |  4- 6 || total
---------------------------+-------+-------++-------
   Fire: Shortbow          |    78 |    16 ||    94
    Use: Scroll            |     3 |       ||     3
 Armour: Robe              |     7 |    15 ||    22
  Dodge: Dodged            |    16 |    41 ||    57

Table legend:
 A = Non-vault XP
 B = Vault XP
 C = Vault XP percentage of total XP
 D = Non-vault monster count
 E = Vault monster count
 F = Vault count percentage of total count
                 A         B        C        D         E       F
            +---------+---------+-------+---------+---------+-------
      Total |     129 |      35 |  21.3 |      30 |       1 |   3.2
            +---------+---------+-------+---------+---------+-------
        D:1 |      20 |       0 |   0.0 |      11 |       0 |   0.0
        D:2 |      18 |      35 |  66.0 |      11 |       1 |   8.3
        D:3 |      12 |       0 |   0.0 |       7 |       0 |   0.0
        D:6 |      79 |       0 |   0.0 |       1 |       0 |   0.0
            +---------+---------+-------+---------+---------+-------
